 Dungeon Crawl Stone Soup version 0.16.1-4-g8e1b745 (console) character file.

54 gw the Ducker (level 3, -4/21 HPs)
             Began as a Deep Elf Artificer on Mar 27, 2015.
             Slain by Crazy Yiuf
             ... wielding a +3 quarterstaff of chaos
              (11 damage)
             ... on level 2 of the Dungeon.
             The game lasted 00:01:45 (2231 turns).

gw the Ducker (Deep Elf Artificer)                  Turns: 2231, Time: 00:01:45

Health: -4/21      AC:  6    Str:  8    XL:     3   Next: 66%
Magic:  7/7        EV: 13    Int: 16    God:
Gold:   90         SH:  0    Dex: 16    Spells: 0 memorised, 2 levels left

rFire  . . .     SeeInvis .     a - +0 short sword
rCold  . . .     Clarity  .     e - +0 leather armour
rNeg   . . .     SustAb   .     (no shield)
rPois  .         Gourm    .     (no helmet)
rElec  .         Spirit   .     (no cloak)
rCorr  .         Warding  .     (no gloves)
rMut   .         Stasis   .     (no boots)
MR     .....                    (no amulet)
Stlth  ++........               (no ring)
                                (no ring)

@: about to teleport, not resistant to hostile enchantments, unstealthy
A: molten scales 1, slimy green scales 1, placid magic 1
a: no special abilities


You were on level 2 of the Dungeon.
You were not hungry.

You visited 1 branch of the dungeon, and saw 2 of its levels.

You collected 90 gold pieces.

Inventory:

Hand weapons
 a - a +0 short sword (weapon)
Missiles
 i - 23 arrows
Armour
 e - a +0 leather armour (worn)
Magical devices
 b - a wand of flame (10)
 c - a wand of enslavement (15)
 d - a wand of random effects (10)
Scrolls
 g - a scroll of remove curse
Potions
 l - a potion of curing {unknown}
Comestibles
 f - 2 bread rations
 h - 2 meat rations
 j - a chunk of flesh
 k - 3 fruits


   Skills:
 + Level 2.1 Fighting
 - Level 1.0 Short Blades
 + Level 3.7 Dodging
 - Level 1.2 Stealth
 - Level 3.2 Evocations


You had 2 spell levels left.
You didn't know any spells.

Dungeon Overview and Level Annotations

Branches:
Dungeon (2/15)

Altars:
Fedhas

Annotations:
D:2 Crazy Yiuf


Innate Abilities, Weirdness & Mutations

You are partially covered in molten scales (AC +1).
You are partially covered in slimy green scales (AC +2).
Your spells are a little easier to cast, but a little less powerful.


Message History

Crazy Yiuf is moderately wounded.
Crazy Yiuf hits you with a quarterstaff of chaos.
Crazy Yiuf burns you.
Unknown command.
Unknown command.
Unknown command.
Unknown command.
Read which item? (? for menu, Esc to quit)
As you read the scroll of teleportation, it crumbles to dust.
You feel strangely unstable. Crazy Yiuf hits you but does no damage.
Unknown command.
Unknown command.
Unknown command.
FLEEEEING!
ATTACKING (0,-1)
You closely miss Crazy Yiuf.
Crazy Yiuf is moderately wounded.
Crazy Yiuf hits you with a quarterstaff of chaos!
Ouch! That really hurt!
You die... 7...77....# .PP.......# ### .PPP.P....# .)# .PPP.P...## ..# 7...77...## .. 77..77....### .# ..PPPP......# 77. ..........### 7g7 ..........# 77e7

#####.....# 7.77 #....##
77.77 #.#### 7...77
####.#### 7....7
#.......# ##..##
#.##.##.# #....#
#.##.##.#######...#
##.##.##.#........######


You could see Crazy Yiuf.

Table legend:
 A = Turns spent in this place as a percentage of turns spent in the entire game.
 B = Non-inter-level travel turns spent in this place as a percentage of non-inter-level travel turns spent in the entire game.
 C = Inter-level travel turns spent in this place as a percentage of turns spent in this place.
 D = Turns resting spent in this place as a percentage of non-inter-level travel turns spent in this place.
 E = Turns spent auto-exploring this place as a percentage of non-inter-level travel turns spent in this place.
 F = Non-inter-level travel turns spent in this place divided by the number of levels of this place that you've seen.
                   A       B       C       D       E      F
               +-------+-------+-------+-------+-------+----------------------
         Total | 100.0 | 100.0 |   0.6 |   1.6 |   1.8 | 1209.0
       Dungeon | 100.0 | 100.0 |   0.6 |   1.6 |   1.8 | 1209.0
               +-------+-------+-------+-------+-------+----------------------

Table legend:
 A = Kills in this place as a percentage of kills in entire the game.
 B = Kills by you in this place as a percentage of kills by you in the entire game.
 C = Kills by friends in this place as a percentage of kills by friends in the entire game.
 D = Other kills in this place as a percentage of other kills in the entire game.
 E = Experience gained in this place as a percentage of experience gained in the entire game.
 F = Experience gained in this place divided by the number of levels of this place that you have seen.
                   A       B       C       D       E      F
               +-------+-------+-------+-------+-------+----------------------
         Total | 100.0 | 100.0 |  -nan |  -nan | 100.0 |  39.0
       Dungeon | 100.0 | 100.0 |  -nan |  -nan | 100.0 |  39.0
               +-------+-------+-------+-------+-------+----------------------

Vanquished Creatures
  2 adders (D:2)
  2 giant geckos
  A giant cockroach (D:1)
  4 hobgoblins
  9 kobolds (D:1)
  3 ball pythons (D:1)
  3 bats
  2 giant newts (D:1)
  3 goblins
  5 rats
34 creatures vanquished.

Notes
Turn   | Place    | Note
--------------------------------------------------------------
     0 | D:1      | gw, the Deep Elf Artificer, began the quest for the Orb.
     0 | D:1      | Reached XP level 1. HP: 11/11 MP: 2/2
    16 | D:1      | Reached skill level 1 in Fighting
   229 | D:1      | Reached XP level 2. HP: 6/16 MP: 5/5
  1492 | D:1      | Gained mutation: You are partially covered in slimy green scales (AC +2). [potion of mutation]
  1492 | D:1      | Gained mutation: Your spells are a little easier to cast, but a little less powerful. [potion of mutation]
  1492 | D:1      | Gained mutation: You are partially covered in molten scales (AC +1). [potion of mutation]
  1536 | D:2      | Reached XP level 3. HP: 16/21 MP: 7/7
  1893 | D:2      | Found a blossoming altar of Fedhas.
  2223 | D:2      | Noticed Crazy Yiuf
  2231 | D:2      | Slain by Crazy Yiuf

Action                   || total
-------------------------++-------
Melee: Short sword       ||   141
Evoke: Wand              ||    10
  Use: Scroll            ||     3
       Potion            ||     1
  Eat: Chunk             ||     4

Vault maps used:
D:1:      scummos_arrival_simple_fountains, serial_park_tiny_1,
          hangedman_decor_points, minmay_shallow_snake_nest
D:2:      serial_park_square1, lemuel_doored_altar, minivault_11,
          uniq_crazy_yiuf_cottage
